[Event "Titled Tuesday Blitz February 21 Early 2023"]
[White "Madaminov, Mukhiddin"]
[Black "Sadykov, Ramil"]
[WhiteFideId "14210703"]
[BlackFideId "24113590"]
[WhiteElo "2422"]
[BlackElo "2345"]
[Result "1-0"]
[Round "04"]
[TimeControl "180+2"]
[Date "2023.02.21"]
[WhiteClock "0:00:25"]
[BlackClock "0:00:05"]

1. d4 d5 2. Nc3 Nf6 3. Bf4 c5 4. e4 Nxe4 5. Nxe4 dxe4 6. dxc5 Qa5+ 7. c3 Qxc5 8. Qa4+ Nc6 9. Qxe4 Qf5 10. Qxf5 Bxf5 11. Nf3 f6 12. Bc4 e5 13. Be3 O-O-O 14. Nh4 Be4 15. Ke2 Bd5 16. Bxd5 Rxd5 17. Rhd1 Rxd1 18. Rxd1 g6 19. Nf3 Be7 20. a4 Rd8 21. Rxd8+ Bxd8 22. Nd2 Kd7 23. b4 a6 24. Kd3 Ke6 25. Nb3 b6 26. b5 axb5 27. axb5 Nb8 28. c4 Nd7 29. f3 f5 30. c5 bxc5 31. Kc4 e4 32. fxe4 fxe4 33. Nxc5+ Nxc5 34. Kxc5 Bc7 35. h3 Kd7 36. Kd5 Bb8 37. Kxe4 Ke6 38. b6 Kd7 39. Kd5 Bd6 40. Bd4 Bb8 41. g4 Bd6 42. Be5 Bxe5 43. Kxe5 Kc6 44. Kf6 h5 45. Kxg6 hxg4 46. hxg4 Kxb6 47. Kf7 Kc6 48. g5 Kd5 49. g6 Ke5 50. g7 1-0


[Site "https://www.chess.com"]

[Event "Titled Tuesday Blitz February 21 Early 2023"]
[White "Jeet, Jain"]
[Black "Narayanan, Srinath"]
[WhiteFideId "5073022"]
[BlackFideId "5018420"]
[WhiteElo "2199"]
[BlackElo "2559"]
[Result "0-1"]
[Round "04"]
[TimeControl "180+2"]
[Date "2023.02.21"]
[WhiteClock "0:00:07"]
[BlackClock "0:00:15"]

1. Nf3 d5 2. g3 g6 3. Bg2 Bg7 4. O-O e5 5. d3 Ne7 6. e4 Nbc6 7. Nbd2 O-O 8. c3 h6 9. Re1 Be6 10. a3 a5 11. Qc2 a4 12. h3 Qd7 13. Kh2 Rfd8 14. c4 dxc4 15. dxc4 Qd3 16. Qxd3 Rxd3 17. Bf1 Rd7 18. Nb1 Na5 19. Nbd2 Nec6 20. Rb1 b6 21. Re3 Rad8 22. Rc3 Nd4 23. Ne1 c5 24. Nc2 Nxc2 25. Rxc2 Nc6 26. b4 cxb4 27. axb4 Nd4 28. Ra2 b5 29. Kg2 Rc8 30. Ra3 bxc4 31. Rxa4 c3 32. Nf3 Nxf3 33. Kxf3 Rd1 34. Be2 c2 35. Rba1 Bxh3 36. b5 g5 37. b6 Rc3+ 38. Be3 g4# 0-1


[Site "https://www.chess.com"]

[Event "Titled Tuesday Blitz February 21 Early 2023"]
[White "Mamedov, Edgar"]
[Black "Molina, Roberto Junio Brito"]
[WhiteFideId "13739980"]
[BlackFideId "2109450"]
[WhiteElo "2193"]
[BlackElo "2403"]
[Result "0-1"]
[Round "04"]
[TimeControl "180+2"]
[Date "2023.02.21"]
[WhiteClock "0:00:01"]
[BlackClock "0:00:16"]

1. d4 d5 2. c4 c6 3. Nf3 Nf6 4. Nc3 dxc4 5. a4 Bf5 6. Ne5 Nbd7 7. Nxc4 Nb6 8. Ne5 a5 9. g3 Nfd7 10. Nf3 Nf6 11. Bg2 e6 12. O-O Bb4 13. Ne5 O-O 14. Bf4 h6 15. Rc1 Rc8 16. Re1 Bh7 17. e4 Nbd7 18. Nxd7 Nxd7 19. d5 e5 20. Bd2 Qe7 21. Qe2 Rfd8 22. Red1 Nc5 23. dxc6 bxc6 24. Be3 Nb3 25. Rb1 Nd4 26. Qc4 Qc5 27. Qxc5 Bxc5 28. Rbc1 Rb8 29. Rd2 Nb3 30. Rxd8+ Rxd8 31. Rd1 Bd4 32. Bxd4 exd4 33. Ne2 c5 34. e5 Bc2 35. Rf1 c4 36. Nf4 Nc5 37. Rc1 d3 38. Nd5 d2 39. Rf1 d1=Q 0-1


[Site "https://www.chess.com"]

[Event "Titled Tuesday Blitz February 21 Early 2023"]
[White "Yuan, Qingyu"]
[Black "Potapova, Margarita"]
[WhiteFideId "8609772"]
[BlackFideId "14126869"]
[WhiteElo "2373"]
[BlackElo "2104"]
[Result "1/2-1/2"]
[Round "04"]
[TimeControl "180+2"]
[Date "2023.02.21"]
[WhiteClock "0:00:04"]
[BlackClock "0:00:07"]

1. e4 c6 2. d4 d5 3. exd5 cxd5 4. Bd3 Nc6 5. c3 Nf6 6. h3 g6 7. Nf3 Bf5 8. O-O e6 9. Bf4 Bd6 10. Bxd6 Qxd6 11. Re1 Bxd3 12. Qxd3 O-O 13. Nbd2 Nd7 14. Qe3 Rae8 15. Qh6 f6 16. Re3 Nd8 17. Rae1 Re7 18. c4 b6 19. b3 Nf7 20. Qh4 Kg7 21. cxd5 Qxd5 22. Ne4 Nh6 23. Nc3 Qd6 24. Qe4 Nf5 25. R3e2 a6 26. Qd3 b5 27. Ne4 Qb6 28. b4 Rd8 29. Qb3 Nxd4 30. Nxd4 Qxd4 31. Rd2 Qc4 32. Qxc4 bxc4 33. Red1 Kf7 34. Nd6+ Kf8 35. Nxc4 Rc8 36. Nd6 Rc3 37. Ne4 Rc7 38. a4 f5 39. Nd6 Nb6 40. a5 Nd5 41. b5 axb5 42. Nxb5 Rc5 43. Rb1 Nc7 44. Rd8+ Kg7 45. Nxc7 Rexc7 46. a6 Rc1+ 47. Rxc1 Rxc1+ 48. Kh2 Ra1 49. Rd7+ Kf6 50. a7 h5 51. h4 Ra3 52. f3 f4 53. Kg1 Ra2 54. Kf1 g5 55. hxg5+ Kxg5 56. Rf7 e5 57. Ke1 Kg6 58. Rb7 Kf5 59. Rf7+ Kg6 60. Rb7 Kf5 61. Kf1 Kg5 62. Kg1 Kf5 63. Kh2 e4 64. fxe4+ Kxe4 65. Re7+ Kf5 66. Kh3 Kf6 67. Rb7 Kg5 68. Kh2 f3 69. Kh3 fxg2 70. Rg7+ Kf6 71. Rxg2 Rxa7 72. Kh4 Ra4+ 73. Kxh5 Rf4 74. Rg3 Rf5+ 75. Kh4 Rf4+ 76. Kh3 Rf5 77. Kg2 Rg5 78. Kf3 Rxg3+ 79. Kxg3 1/2-1/2


[Site "https://www.chess.com"]

[Event "Titled Tuesday Blitz February 21 Early 2023"]
[White "Schekachikhin, Maksim"]
[Black "Stribuk, Artiom"]
[WhiteFideId "24177830"]
[BlackFideId "13515659"]
[WhiteElo "2371"]
[BlackElo "2378"]
[Result "0-1"]
[Round "04"]
[TimeControl "180+2"]
[Date "2023.02.21"]
[WhiteClock "0:00:01"]
[BlackClock "0:00:03"]

1. c4 g6 2. d4 Nf6 3. h4 c6 4. Nc3 d5 5. Bf4 Bg7 6. e3 dxc4 7. Bxc4 b5 8. Bd3 a6 9. Ne4 Nbd7 10. Ne2 Bb7 11. Rc1 Rc8 12. b4 c5 13. Nxf6+ Nxf6 14. bxc5 Bxg2 15. Rg1 Bf3 16. Rg3 Bb7 17. Be5 O-O 18. Nf4 Ne4 19. Bxe4 Bxe4 20. Bxg7 Kxg7 21. f3 e5 22. dxe5 Qxh4 23. Kf2 Rfd8 24. Qe1 Bc6 25. Kg2 Qe7 26. Qc3 b4 27. Qb2 Be8 28. Rh1 Rxc5 29. Nh5+ Kf8 30. Nf6 Qxe5 31. Nxh7+ Ke7 32. Qxb4 a5 33. Qh4+ f6 34. Rb1 Rd2+ 35. Kh1 Rcc2 36. Rb7+ Bd7 37. Nxf6 Qxf6 38. Qe4+ Kf7 39. Rxd7+ Rxd7 40. Qxc2 Qe6 41. Kg2 Kg7 42. e4 Qe5 43. Qf2 Qc3 44. Qb6 Rd2+ 45. Kh3 Qc8+ 46. Rg4 Qe8 47. Qxa5 Qh8+ 48. Rh4 Qc8+ 49. Rg4 Qh8+ 50. Rh4 Qc8+ 51. Rg4 Qc2 52. Qa7+ Kh6 53. Qe3+ Kg7 0-1


[Site "https://www.chess.com"]

[Event "Titled Tuesday Blitz February 21 Early 2023"]
[White "Kilic, Eray"]
[Black "Kouskoutis, Georgios-Alexandros"]
[WhiteFideId "44517173"]
[BlackFideId "4234049"]
[WhiteElo "2414"]
[BlackElo "2295"]
[Result "1-0"]
[Round "04"]
[TimeControl "180+2"]
[Date "2023.02.21"]
[WhiteClock "0:00:22"]
[BlackClock "0:00:01"]

1. d4 Nf6 2. Nc3 d5 3. Bf4 e6 4. Nb5 Na6 5. e3 c6 6. Nc3 Nb8 7. g4 Bd6 8. Bxd6 Qxd6 9. g5 Nfd7 10. f4 h6 11. Nf3 hxg5 12. Nxg5 f6 13. Nf3 e5 14. fxe5 fxe5 15. Qe2 e4 16. Nd2 Nf6 17. Qg2 Kf8 18. O-O-O Bh3 19. Qg1 Nbd7 20. Ne2 Kf7 21. Nf4 Bf5 22. Be2 Nf8 23. Rf1 g6 24. h4 Ne6 25. Nxe6 Qxe6 26. Nb3 b6 27. Qg5 Rh7 28. h5 Rah8 29. hxg6+ Bxg6 30. Rxf6+ Qxf6 31. Rf1 Qxf1+ 32. Bxf1 Rh1 33. Nd2 R8h5 34. Qd8 Rf5 35. b3 Rfxf1+ 36. Nxf1 Rxf1+ 37. Kb2 Rf6 38. Qd7+ Kg8 39. Qxa7 b5 40. a4 bxa4 41. bxa4 Bh5 42. Qb8+ Rf8 43. Qg3+ Kf7 44. Qc7+ Ke6 45. Qe5+ 1-0


[Site "https://www.chess.com"]

[Event "Titled Tuesday Blitz February 21 Early 2023"]
[White "Caruana, Fabiano"]
[Black "Gabdrakhmanov, Azat"]
[WhiteFideId "2020009"]
[BlackFideId "34189197"]
[WhiteElo "2764"]
[BlackElo "2316"]
[Result "1-0"]
[Round "04"]
[TimeControl "180+2"]
[Date "2023.02.21"]
[WhiteClock "0:00:22"]
[BlackClock "0:00:01"]

1. e4 c5 2. Nf3 e6 3. b3 d6 4. Bb2 e5 5. Nc3 Nf6 6. Bc4 Be7 7. d3 O-O 8. Qd2 Nc6 9. O-O-O a6 10. Nd5 Nxd5 11. Bxd5 Nb4 12. Kb1 Nxd5 13. exd5 Bg4 14. Rde1 Bxf3 15. gxf3 Bg5 16. Qe2 Qf6 17. h4 Bh6 18. Reg1 b5 19. Rg4 Kh8 20. h5 a5 21. a4 c4 22. bxc4 bxa4 23. Ka2 Rab8 24. Bc3 Rb7 25. Rhg1 Rfb8 26. f4 Re7 27. Qe4 Ree8 28. c5 Qd8 29. fxe5 dxe5 30. d6 Qd7 31. Qd5 f5 32. c6 Qa7 33. R4g2 Qb6 34. d7 Re7 35. Qc4 Qc7 36. Re1 Bf4 37. Rgg1 e4 38. dxe4 fxe4 39. Rxe4 1-0


[Site "https://www.chess.com"]

[Event "Titled Tuesday Blitz February 21 Early 2023"]
[White "Pajeken, Jakob Leon"]
[Black "Pranav, V"]
[WhiteFideId "12942839"]
[BlackFideId "25060783"]
[WhiteElo "2417"]
[BlackElo "2597"]
[Result "1-0"]
[Round "04"]
[TimeControl "180+2"]
[Date "2023.02.21"]
[WhiteClock "0:00:38"]
[BlackClock "0:00:20"]

1. d4 Nf6 2. Nf3 g6 3. g3 Bg7 4. Bg2 O-O 5. O-O d5 6. c4 dxc4 7. Na3 c3 8. bxc3 c5 9. Bb2 Nc6 10. Re1 Bf5 11. d5 Na5 12. Nd2 Rc8 13. c4 a6 14. e4 Bg4 15. f3 Bd7 16. Bf1 e6 17. e5 Ne8 18. Ne4 b5 19. dxe6 fxe6 20. cxb5 axb5 21. Nxb5 c4 22. a4 Nb3 23. Rb1 Qb6+ 24. Kh1 Bxb5 25. axb5 Qxb5 26. Ba3 Rf7 27. Bxc4 Rxc4 28. Qxb3 Qa6 29. Qb5 Qxb5 30. Rxb5 Rxf3 31. Rb8 Rxa3 32. Rxe8+ Bf8 33. Ng5 h6 34. Rf1 1-0


[Site "https://www.chess.com"]

[Event "Titled Tuesday Blitz February 21 Early 2023"]
[White "Florescu, Codrut-Constantin"]
[Black "Le, Tuan Minh"]
[WhiteFideId "1202200"]
[BlackFideId "12401153"]
[WhiteElo "2259"]
[BlackElo "2542"]
[Result "0-1"]
[Round "04"]
[TimeControl "180+2"]
[Date "2023.02.21"]
[WhiteClock "0:00:14"]
[BlackClock "0:00:19"]

1. e4 c5 2. Nf3 Nf6 3. e5 Nd5 4. Nc3 e6 5. Ne4 f5 6. Nc3 Ne7 7. d4 cxd4 8. Nb5 Ng6 9. Nbxd4 Nc6 10. Nxc6 bxc6 11. Bd3 Nxe5 12. O-O Nxd3 13. Qxd3 Be7 14. c4 c5 15. Bf4 O-O 16. Rad1 a5 17. Bd6 Ra6 18. Be5 d6 19. Bc3 Qe8 20. Qe3 e5 21. Ne1 f4 22. Qd2 Qg6 23. f3 Be6 24. Qe2 a4 25. Rd2 h5 26. Nc2 Qf7 27. Na3 g5 28. Rfd1 g4 29. Bxe5 dxe5 30. Qxe5 Bf6 31. Qxc5 Qa7 32. Qxa7 Rxa7 33. Rd6 Re7 34. Re1 Bxc4 35. Rxe7 Bxe7 36. Nxc4 Bxd6 37. Nxd6 Rd8 38. Nc4 Rd1+ 39. Kf2 Rc1 40. b3 Rc2+ 41. Kf1 Kg7 42. fxg4 hxg4 43. Ne5 a3 44. Nxg4 Rxa2 0-1


[Site "https://www.chess.com"]

[Event "Titled Tuesday Blitz February 21 Early 2023"]
[White "Tologon tegin, Semetei"]
[Black "Bluebaum, Matthias"]
[WhiteFideId "13800574"]
[BlackFideId "24651516"]
[WhiteElo "2372"]
[BlackElo "2669"]
[Result "0-1"]
[Round "04"]
[TimeControl "180+2"]
[Date "2023.02.21"]
[WhiteClock "0:00:04"]
[BlackClock "0:01:27"]

1. Nf3 d5 2. g3 e6 3. Bg2 Nf6 4. b3 Bd6 5. c4 Nc6 6. Bb2 O-O 7. O-O d4 8. Nxd4 Nxd4 9. Bxd4 Bxg3 10. Bxf6 Qxf6 11. fxg3 Qxa1 12. Qc2 Qd4+ 13. e3 Qd8 14. Nc3 c6 15. d4 e5 16. d5 cxd5 17. Bxd5 Qb6 18. Qe4 Qc7 19. Nb5 Qe7 20. Qc2 Be6 21. e4 Bxd5 22. exd5 e4 23. c5 Rac8 24. b4 Qe5 25. d6 a6 26. Nc3 Qd4+ 27. Kg2 Qxb4 28. Nxe4 Qd4 29. Ng5 Qd5+ 30. Qe4 Qxg5 0-1


[Site "https://www.chess.com"]

[Event "Titled Tuesday Blitz February 21 Early 2023"]
[White "Deac, Bogdan-Daniel"]
[Black "Sukandar, Irine Kharisma"]
[WhiteFideId "1226380"]
[BlackFideId "7101937"]
[WhiteElo "2700"]
[BlackElo "2390"]
[Result "1-0"]
[Round "04"]
[TimeControl "180+2"]
[Date "2023.02.21"]
[WhiteClock "0:00:41"]
[BlackClock "0:00:51"]

1. b3 Nf6 2. Bb2 g6 3. Nf3 Bg7 4. g3 O-O 5. Bg2 c5 6. c4 d5 7. cxd5 Qxd5 8. Nc3 Qh5 9. h3 Nc6 10. g4 Nxg4 11. hxg4 Qxg4 12. Kf1 Rd8 13. d3 Be6 14. Qd2 Rac8 15. Ne4 Nd4 16. Bxd4 cxd4 17. Neg5 Rc5 18. Bh3 1-0


[Site "https://www.chess.com"]

[Event "Titled Tuesday Blitz February 21 Early 2023"]
[White "Maksimenko, Viktor"]
[Black "Lenderman, Aleksandr"]
[WhiteFideId "13710478"]
[BlackFideId "2021285"]
[WhiteElo "2196"]
[BlackElo "2572"]
[Result "0-1"]
[Round "04"]
[TimeControl "180+2"]
[Date "2023.02.21"]
[WhiteClock "0:00:33"]
[BlackClock "0:02:13"]

1. d4 e6 2. c4 b6 3. a3 Bb7 4. Nf3 f5 5. g3 Nf6 6. Bg2 Be7 7. O-O O-O 8. Nc3 Ne4 9. Qc2 Nxc3 10. Qxc3 Be4 11. Rd1 Bf6 12. Qe1 Nc6 13. Be3 Na5 14. Nd2 Bxg2 15. Kxg2 d5 16. b3 dxc4 17. bxc4 Nxc4 18. Nxc4 Qd5+ 19. Kg1 Qxc4 20. Rdc1 Qd5 21. Rxc7 Rfc8 22. Qc3 Rxc7 23. Qxc7 Bxd4 24. Rd1 e5 25. Bxd4 exd4 26. a4 h6 27. h4 Re8 28. Qxa7 Rxe2 29. Qxb6 d3 30. Qb1 Qf3 31. Rf1 d2 32. a5 Rxf2 0-1


[Site "https://www.chess.com"]

[Event "Titled Tuesday Blitz February 21 Early 2023"]
[White "Daneshvar, Bardiya"]
[Black "Ambartsumova, Karina"]
[WhiteFideId "12576468"]
[BlackFideId "4166299"]
[WhiteElo "2540"]
[BlackElo "2393"]
[Result "1-0"]
[Round "04"]
[TimeControl "180+2"]
[Date "2023.02.21"]
[WhiteClock "0:02:18"]
[BlackClock "0:01:25"]

1. d4 Nf6 2. Nd2 d5 3. Ngf3 e6 4. g3 c5 5. Bg2 Nc6 6. Nb3 cxd4 7. Nbxd4 Be7 8. O-O O-O 9. Nxc6 bxc6 10. c4 Ba6 11. b3 Qb6 12. Be3 c5 13. cxd5 exd5 14. Rc1 Rac8 15. Ne5 Rfd8 16. Nd3 d4 17. Bg5 h6 18. Bxf6 Bxf6 19. Qd2 c4 20. bxc4 Bxc4 21. Rb1 Qe6 22. Rb7 a6 23. a4 Bg5 24. Qb2 Rd6 25. Bf3 1-0


[Site "https://www.chess.com"]

[Event "Titled Tuesday Blitz February 21 Early 2023"]
[White "Danielyan, Vahe"]
[Black "Van Foreest, Jorden"]
[WhiteFideId "13304828"]
[BlackFideId "1039784"]
[WhiteElo "2346"]
[BlackElo "2689"]
[Result "0-1"]
[Round "04"]
[TimeControl "180+2"]
[Date "2023.02.21"]
[WhiteClock "0:00:03"]
[BlackClock "0:00:10"]

1. d4 Nf6 2. c4 c6 3. Nf3 b5 4. Nbd2 Ba6 5. e3 bxc4 6. Bxc4 Bxc4 7. Nxc4 e6 8. O-O Be7 9. b3 O-O 10. Bb2 d5 11. Nce5 Nfd7 12. Rc1 Qb6 13. Rxc6 Nxc6 14. Nxd7 Qa6 15. Nxf8 Rxf8 16. a3 Na5 17. Nd2 Rc8 18. b4 Nc4 19. Nxc4 Rxc4 20. g3 Kf8 21. Qb3 Qc8 22. b5 Rc2 23. b6 axb6 24. Qxb6 Rc6 25. Qb5 Rc7 26. a4 Rb7 27. Rc1 Qb8 28. Qa6 g5 29. a5 Kg7 30. Bc3 Ba3 31. Rf1 Rb3 32. Bd2 Rb2 33. Bc1 Ra2 34. Bxa3 Rxa3 35. Rc1 Qb2 36. Qc6 Ra2 37. Rf1 Rxa5 38. Qc7 Ra2 39. Qe5+ Kg6 40. Qh8 Qe2 41. Qg8+ Kf6 42. Qxh7 Qg4 43. Qh6+ Ke7 44. Rc1 Qf5 45. Rf1 Rc2 46. h4 gxh4 47. Qxh4+ Kd7 48. Ra1 Qxf2+ 49. Kh1 Qg2# 0-1


[Site "https://www.chess.com"]

[Event "Titled Tuesday Blitz February 21 Early 2023"]
[White "Alekseenko, Kirill"]
[Black "Papp, Levente"]
[WhiteFideId "4135539"]
[BlackFideId "751243"]
[WhiteElo "2686"]
[BlackElo "2353"]
[Result "1-0"]
[Round "04"]
[TimeControl "180+2"]
[Date "2023.02.21"]
[WhiteClock "0:01:42"]
[BlackClock "0:00:11"]

1. d4 d5 2. Nc3 e6 3. Bf4 a6 4. e3 Bd6 5. Bd3 c5 6. Qg4 Bxf4 7. Qxf4 Qf6 8. dxc5 Qxf4 9. exf4 Nc6 10. Nf3 Bd7 11. a3 Rc8 12. b4 Nb8 13. Kd2 Ne7 14. Rhe1 O-O 15. g3 Rc7 16. Ne2 Ba4 17. Ned4 g6 18. h4 h5 19. Ne5 Nf5 20. Bxf5 exf5 21. Re3 Nc6 22. Nexc6 bxc6 23. Rae1 Rfc8 24. Re8+ Kg7 25. Rxc8 Rxc8 26. Re7 Bb5 27. f3 Kf6 28. Ra7 Bc4 29. a4 Kg7 30. Rb7 Kf6 31. Rb6 Re8 32. Rxc6+ Kg7 33. b5 axb5 34. axb5 Ra8 35. b6 1-0


[Site "https://www.chess.com"]

[Event "Titled Tuesday Blitz February 21 Early 2023"]
[White "gshwbedhkhd"]
[Black "Shimanov, Aleksandr"]
[BlackFideId "4198603"]
[WhiteElo "2556"]
[BlackElo "2581"]
[Result "0-1"]
[Round "04"]
[TimeControl "180+2"]
[Date "2023.02.21"]
[WhiteClock "0:00:02"]
[BlackClock "0:00:28"]

1. e4 e6 2. d4 d5 3. Bd3 c5 4. exd5 Qxd5 5. Nc3 Qd8 6. Nf3 cxd4 7. Nxd4 Nf6 8. O-O Bc5 9. Nf3 O-O 10. Bg5 Be7 11. Qe2 Nbd7 12. Rad1 a6 13. Ne4 Qc7 14. c3 b6 15. Bb1 Bb7 16. Rxd7 Qxd7 17. Rd1 Qc7 18. Nxf6+ Bxf6 19. Qc2 Rfd8 20. Qxh7+ Kf8 21. Re1 Bxf3 22. Bxf6 gxf6 23. gxf3 Ke7 24. Bf5 Rd6 25. Bh3 Rad8 26. Kg2 Qc5 27. Re4 f5 28. Bxf5 Qd5 29. Bg4 Qg5 30. h4 Qf6 31. Qh5 Rh8 32. Qg5 Qxg5 33. hxg5 Rg8 34. f4 Rd2 35. Kf3 Rxb2 36. f5 Rxg5 37. fxe6 f5 38. Kf4 Rxg4+ 39. Kxf5 Rxe4 40. Kxe4 Kxe6 0-1


[Site "https://www.chess.com"]

[Event "Titled Tuesday Blitz February 21 Early 2023"]
[White "Fiorito, Francisco"]
[Black "Tang, Andrew"]
[WhiteFideId "180165"]
[BlackFideId "2059630"]
[WhiteElo "2305"]
[BlackElo "2523"]
[Result "0-1"]
[Round "04"]
[TimeControl "180+2"]
[Date "2023.02.21"]
[WhiteClock "0:00:22"]
[BlackClock "0:00:15"]

1. d4 d5 2. Nc3 Nf6 3. Bf4 e6 4. Nb5 Na6 5. e3 Be7 6. g4 O-O 7. g5 Ne4 8. h4 c6 9. Nc3 Qa5 10. Ne2 f6 11. gxf6 Bxf6 12. Bg2 e5 13. dxe5 Be7 14. O-O Nxc3 15. Nxc3 Bxh4 16. Qh5 Be7 17. Ne2 Qd8 18. Ng3 Nc5 19. Ne2 Bf5 20. Rac1 Qd7 21. Qh2 Ne6 22. Bg3 Rae8 23. Rfd1 Bc5 24. c4 d4 25. b4 Bg4 26. bxc5 Bxe2 27. Rd2 d3 28. Be4 Ng5 29. Bg2 Qg4 30. Qh4 Nf3+ 31. Bxf3 Qxf3 32. Re1 Re6 33. Qh1 Rh6 34. Qxf3 Bxf3 35. Bh2 Rf5 36. Rxd3 Rg5+ 37. Bg3 Rh1# 0-1


[Site "https://www.chess.com"]

[Event "Titled Tuesday Blitz February 21 Early 2023"]
[White "Demchenko, Anton"]
[Black "Ismagilov, Damir"]
[WhiteFideId "4160258"]
[BlackFideId "34199982"]
[WhiteElo "2623"]
[BlackElo "2156"]
[Result "1-0"]
[Round "04"]
[TimeControl "180+2"]
[Date "2023.02.21"]
[WhiteClock "0:02:03"]
[BlackClock "0:01:41"]

1. e4 c6 2. d4 d5 3. Nd2 dxe4 4. Nxe4 g6 5. Bc4 Bg7 6. Ng5 e6 7. N1f3 h6 8. Ne4 Nf6 9. Nxf6+ Qxf6 10. Be3 O-O 11. Qd2 b5 12. Bd3 Kh7 13. h4 c5 14. Bg5 1-0


[Site "https://www.chess.com"]

[Event "Titled Tuesday Blitz February 21 Early 2023"]
[White "Yilmaz, Mustafa"]
[Black "Manukyan, Sargis A."]
[WhiteFideId "6302718"]
[BlackFideId "13303970"]
[WhiteElo "2641"]
[BlackElo "2158"]
[Result "1/2-1/2"]
[Round "04"]
[TimeControl "180+2"]
[Date "2023.02.21"]
[WhiteClock "0:00:24"]
[BlackClock "0:00:25"]

1. d4 d5 2. c4 e6 3. Nc3 Nf6 4. cxd5 exd5 5. Bg5 Be7 6. e3 O-O 7. Bd3 Nbd7 8. Qc2 b6 9. Nf3 Bb7 10. O-O h6 11. Bf4 c5 12. Rad1 c4 13. Bf5 a6 14. a4 Ne8 15. e4 Nd6 16. Bxd7 Qxd7 17. Ne5 Qe6 18. exd5 Qf5 19. Qxf5 Nxf5 20. Nxc4 b5 21. Na5 Bc8 22. axb5 axb5 23. Nc6 b4 24. Nb5 Ba6 25. d6 Bf6 26. Nc7 Bxf1 27. Kxf1 Ra2 28. g4 Nh4 29. Nxb4 Rxb2 30. Nbd5 Bd8 31. d7 Ng6 32. Bd6 Rb7 33. Re1 Bxc7 34. Bxf8 Nxf8 35. Nxc7 Nxd7 36. Nd5 Rb8 37. Ne3 Nf6 38. Rd1 Nh7 39. Ke2 Rd8 40. h4 Nf6 41. Kf3 Nd7 42. Ke4 g6 43. d5 Kg7 44. d6 Nc5+ 45. Kd5 Ne6 46. Kc6 Rc8+ 47. Kb6 Rd8 48. d7 Kf8 49. Kc6 Ke7 50. Nd5+ Kf8 51. Nb6 Ke7 52. Nc8+ Kf8 53. Kd6 Ng7 54. Re1 h5 55. Kc7 Ne6+ 56. Rxe6 Rxd7+ 57. Kxd7 fxe6 58. gxh5 gxh5 59. Kxe6 Kg7 60. Kf5 Kh6 61. Kf6 Kh7 62. Kg5 Kg7 63. Kxh5 Kf7 64. Kg4 Kg7 65. Nb6 Kh7 66. Na4 Kg7 67. Nc3 Kg8 68. Ne2 Kg7 69. Ng3 Kh7 70. f4 Kg7 71. h5 Kh7 72. Kg5 Kg7 73. f5 Kh7 74. h6 Kg8 75. Kg6 Kh8 76. Ne4 Kg8 77. Ng5 Kh8 78. Nf7+ Kg8 79. h7+ Kf8 80. h8=Q+ Ke7 81. Qc8 1/2-1/2


[Site "https://www.chess.com"]

[Event "Titled Tuesday Blitz February 21 Early 2023"]
[White "Zhigalko, Sergei"]
[Black "Fisher_TheGalactic"]
[WhiteFideId "13502956"]
[WhiteElo "2572"]
[BlackElo "2535"]
[Result "1-0"]
[Round "04"]
[TimeControl "180+2"]
[Date "2023.02.21"]
[WhiteClock "0:00:32"]
[BlackClock "0:00:03"]

1. e4 e6 2. d4 d5 3. e5 c5 4. c3 Qb6 5. Nf3 Nc6 6. Bd3 cxd4 7. O-O Bd7 8. Re1 h6 9. h4 dxc3 10. Nxc3 Bb4 11. Be3 d4 12. Nxd4 Nxd4 13. Qg4 Ne7 14. Bxd4 Bc5 15. Bxc5 Qxc5 16. Qxg7 Rg8 17. Qxh6 Bc6 18. Ne4 Bxe4 19. Bxe4 Qb4 20. h5 O-O-O 21. a3 Qb6 22. Qe3 Qxe3 23. Rxe3 Rd2 24. h6 Rh8 25. h7 Rxb2 26. Rc1+ Kb8 27. Rf3 1-0


[Site "https://www.chess.com"]

[Event "Titled Tuesday Blitz February 21 Early 2023"]
[White "Sanal, Vahap"]
[Black "Principe, Gerson"]
[WhiteFideId "6300545"]
[BlackFideId "3804550"]
[WhiteElo "2600"]
[BlackElo "2226"]
[Result "1-0"]
[Round "04"]
[TimeControl "180+2"]
[Date "2023.02.21"]
[WhiteClock "0:00:07"]
[BlackClock "0:00:02"]

1. Nf3 Nf6 2. g3 b6 3. Bg2 Bb7 4. O-O e6 5. c4 Be7 6. b3 O-O 7. Bb2 d5 8. e3 Nbd7 9. Nc3 c5 10. Qe2 dxc4 11. bxc4 Rc8 12. d3 Qc7 13. Ne1 Rfd8 14. f4 Bxg2 15. Nxg2 Nb8 16. g4 Nc6 17. g5 Nd7 18. Ne4 Nf8 19. Rf3 Qd7 20. Rd1 Nb4 21. Nf6+ Bxf6 22. gxf6 g6 23. Rg3 Nxd3 24. Qf1 Nxb2 25. Rxd7 Rxd7 26. Ne1 Rd1 27. Qe2 Rcd8 28. Rg2 Nxc4 29. Qxc4 Rxe1+ 30. Kf2 Red1 31. Kf3 Nd7 32. Qa4 Nxf6 33. Qxa7 R8d6 34. Rb2 Rf1+ 35. Kg2 Rdd1 36. Qb8+ Kg7 37. Qe5 Rg1+ 38. Kf2 Rgf1+ 39. Ke2 Rfe1+ 40. Kf3 h5 41. h4 Rf1+ 42. Rf2 Rg1 43. Qb2 Rh1 44. Qe5 Rh3+ 45. Ke2 Rhh1 46. Rg2 Rhe1+ 47. Kf3 Rf1+ 48. Kg3 Rh1 49. a4 Rde1 50. Qc3 Rd1 51. Qe5 Rde1 52. Kf3 Ref1+ 53. Rf2 Rd1 54. Ke2 Rhe1+ 55. Kf3 Rh1 56. f5 exf5 57. Kg3 Rhg1+ 58. Rg2 Rgf1 59. a5 bxa5 60. Rf2 Rxf2 61. Kxf2 Rd5 62. Qa1 c4 63. Kf3 Rc5 64. Qd4 Rc6 65. Ke2 c3 66. Kd1 c2+ 67. Kc1 1-0


[Site "https://www.chess.com"]

[Event "Titled Tuesday Blitz February 21 Early 2023"]
[White "Aggelis, Nikolaos"]
[Black "Bachmann, Axel"]
[WhiteFideId "4213220"]
[BlackFideId "3700488"]
[WhiteElo "2270"]
[BlackElo "2604"]
[Result "1-0"]
[Round "04"]
[TimeControl "180+2"]
[Date "2023.02.21"]
[WhiteClock "0:01:51"]
[BlackClock "0:01:50"]

1. d4 d5 2. g3 Nf6 3. Nf3 b5 4. e3 a6 5. c3 Nbd7 6. a4 Rb8 7. axb5 axb5 8. Na3 c6 9. Bh3 Nb6 10. Bxc8 Qxc8 11. O-O h5 12. Ne5 h4 13. Qf3 Nbd7 14. Nxd7 Qxd7 15. Kg2 hxg3 16. Qxg3 Ne4 17. Qxb8+ 1-0


[Site "https://www.chess.com"]

[Event "Titled Tuesday Blitz February 21 Early 2023"]
[White "Goldin, Alexander"]
[Black "Anuj, Shrivatri"]
[WhiteFideId "2019540"]
[BlackFideId "35070924"]
[WhiteElo "2542"]
[BlackElo "2407"]
[Result "0-1"]
[Round "04"]
[TimeControl "180+2"]
[Date "2023.02.21"]
[WhiteClock "0:00:01"]
[BlackClock "0:01:20"]

1. d4 Nf6 2. c4 e6 3. Nf3 d5 4. Nc3 Bb4 5. e3 O-O 6. Bd3 c5 7. O-O dxc4 8. Bxc4 Nc6 9. a3 Ba5 10. dxc5 Bxc3 11. bxc3 Qa5 12. Bb2 Qxc5 13. Be2 b6 14. c4 Bb7 15. Bxf6 gxf6 16. Qd7 Qe7 17. Qd2 Rac8 18. Rac1 Qxa3 19. c5 Rfd8 20. Nd4 Nxd4 21. exd4 Rxc5 22. Qh6 Rg5 23. g3 Rg6 24. Qe3 Qd6 25. Rfd1 Qd5 26. f3 Rd7 27. Kf2 Kg7 28. h4 f5 29. Qf4 Qd6 30. Qxd6 Rxd6 31. Rc7 Bd5 32. Rxa7 f4 33. g4 Rf6 34. g5 Rg6 35. Bd3 Rc6 36. Rg1 Rc3 37. Ke2 h5 38. gxh6+ Kxh6 39. Bxg6 fxg6 40. Rg4 Re3+ 41. Kd2 Rxf3 42. Rg5 Rf2+ 43. Kd3 f3 44. Rf7 Rg2 45. Rf6 Rxg5 46. hxg5+ Kxg5 47. Rf8 b5 48. Rb8 Kf4 49. Rxb5 f2 50. Rb8 f1=Q+ 0-1


[Site "https://www.chess.com"]